AoeStats
← sensticks

Lombardia

509994027Analyzed
2v2 RM · 3d ago on Sep 29, 2026· 52m 3s· 4 players
Game mode
Random Map
Map size
Medium (4 player)
Population
200
Speed
Normal
Resources
Standard
Victory
Conquest
Starting age
Dark Age
Ending age
Imperial Age
RankedLock teamsTeams togetherTeam positionsShared explorationLock speedFull tech treeHidden civsTurbo modeCheats
Victory
Defeat
🇨🇦 Mongols · Canada
817
+15
🇦🇷 Khmer · Argentina
752
+19
🇧🇷 Lithuanians · Brazil
825
-18
🇧🇷 Persians · Brazil
772
-16
Ribamonstro
7:41 Loom
9:42 Feudal Age
11:47 Double-Bit Axe
12:40 Man-at-Arms
14:45 Bloodlines
21:51 Castle Age
19:51 Horse Collar
21:59 Forging
21:39 Fletching
21:49 Scale Mail Armor
22:33 Squires
21:55 Light Cavalry
24:18 Bow Saw
24:31 Long Swordsman
27:06 Wheelbarrow
26:40 Stone Mining
26:43 Gold Mining
27:06 Husbandry
31:38 Stone Shaft Mining
32:46 Hand Cart
33:11 Scale Barding Armor
34:45 Iron Casting
34:11 Padded Archer Armor
40:05 Imperial Age
37:41 Elite Skirmisher
38:26 Thumb Ring
39:04 Bodkin Arrow
39:25 Leather Archer Armor
39:25 Chain Mail Armor
39:31 Chain Barding Armor
38:33 Pikeman
40:54 Tower Shields
41:06 Cavalier
43:42 Two-Handed Swordsman
46:49 Plate Barding Armor
46:16 Bracer
46:46 Ring Archer Armor
45:39 Halberdier
47:38 Chemistry
46:58 Ballistics
50:18 Paladin
leticiav1995
5:51 Loom
10:38 Feudal Age
13:00 Double-Bit Axe
18:22 Castle Age
17:29 Horse Collar
24:13 Stone Mining
26:34 Wheelbarrow
26:30 Gold Mining
27:17 Heavy Plow
28:07 Pikeman
28:47 Squires
30:34 Hand Cart
32:29 Bow Saw
36:50 Imperial Age
35:17 Kamandaran
34:41 Elite Skirmisher
36:58 Stone Shaft Mining
38:28 Two-Man Saw
38:53 Chemistry
38:14 Ballistics
39:40 Gold Shaft Mining
40:19 Citadels
40:46 Hoardings
40:19 Husbandry
41:18 Bloodlines
42:24 Heated Shot
42:45 Masonry
42:04 Halberdier
45:19 Cavalier
47:17 Scale Barding Armor
47:13 Scale Mail Armor
47:14 Padded Archer Armor
47:04 Fletching
47:25 Forging
49:37 Architecture
CuerVoArG!!!
1:40 Loom
9:50 Feudal Age
12:39 Forging
13:37 Horse Collar
20:44 Castle Age
19:52 Double-Bit Axe
20:04 Gold Mining
23:50 Heavy Plow
26:19 Bow Saw
27:28 Iron Casting
33:12 Imperial Age
31:23 Gold Shaft Mining
33:55 Heavy Scorpion
36:39 Pikeman
38:11 Crop Rotation
39:17 Blast Furnace
38:07 Fletching
38:18 Padded Archer Armor
38:18 Scale Mail Armor
40:02 Halberdier
45:46 Bodkin Arrow
46:07 Chain Mail Armor
46:08 Leather Archer Armor
48:05 Chemistry
sensticks
9:32 Feudal Age
10:27 Double-Bit Axe
12:13 Horse Collar
14:26 Forging
20:21 Castle Age
19:05 Stone Mining
19:08 Gold Mining
20:19 Scale Barding Armor
20:31 Light Cavalry
23:30 Horse Collar
27:15 Bloodlines
27:08 Husbandry
33:18 Imperial Age
31:01 Heavy Plow
36:22 Chemistry
35:37 Fortified Wall
35:53 Capped Ram
37:11 Conscription
38:11 Bow Saw
38:29 Pikeman
39:49 Hussar
45:31 Heavy Cavalry Archer
46:37 Parthian Tactics
46:18 Thumb Ring
46:32 Fletching
47:03 Chain Barding Armor
47:18 Iron Casting
47:56 Drill
48:40 Drill
47:46 Heavy Scorpion
48:59 Elite Mangudai
49:26 Siege Ram
50:52 Man-at-Arms
51:26 Long Swordsman
Connection lost

Rejoining the realm…

Still unreachable

The connection could not be restored.

Session expired

The server has moved on; the page needs a fresh start.